 Dungeon Crawl Stone Soup version 0.14-a0-50-gc6ee670 (webtiles) character file.

137 Kae the Grave Robber (level 3, 0/24 HPs)
             Began as a Demonspawn Necromancer on Sept 29, 2013.
             Slain by Crazy Yiuf
             ... wielding a +2,+4 quarterstaff of chaos
              (11 damage)
             ... on Level 2 of the Dungeon.
             The game lasted 00:04:12 (2087 turns).

Kae the Grave Robber (Demonspawn Necromancer)       Turns: 2087, Time: 00:04:12

HP   0/24        AC  3     Str  8      XL: 3   Next: 67%
MP   4/6         EV 12     Int 17      God:
Gold 82          SH  0     Dex 13      Spells:  1 memorised,  5 levels left

Res.Fire  : . . .   See Invis. : .   h - +0,+1 dwarf dagger
Res.Cold  : . . .   Warding    : .   a - +0 robe
Life Prot.: . . .   Conserve   : .   (no shield)
Res.Poison: .       Res.Corr.  : .   (helmet restricted)
Res.Elec. : .       Clarity    : .   (no cloak)
Sust.Abil.: . .     Spirit.Shd : .   (no gloves)
Res.Mut.  : .       Stasis     : .   q - +0 pair of boots
Res.Rott. : .       Flight     : .   (no amulet)
Saprovore : . . .                    (no ring)
                                     (no ring)

@: drained, not resistant to hostile enchantments, fairly stealthy
A: horns 1, powered by death 1
a: no special abilities


You were on level 2 of the Dungeon.
You were not hungry.

You visited 1 branch of the dungeon, and saw 2 of its levels.

You collected 62 gold pieces.

Inventory:

Hand weapons
 h - a +0,+1 dwarven dagger (weapon)
Missiles
 d - 49 darts (quivered)
Armour
 a - a +0 robe (worn)
 q - a +0 pair of boots (worn)
Comestibles
 c - 3 bread rations
 k - a meat ration
Scrolls
 f - 2 scrolls of noise {unknown}
 g - a scroll of curse weapon {unknown}
 i - a scroll of recharging {unknown}
 j - a scroll of remove curse {unknown}
 p - 2 scrolls of random uselessness {unknown}
 s - a scroll of fog {unknown}
Potions
 e - 2 potions of speed {unknown}
 l - a potion of heal wounds {unknown}
 m - a potion of beneficial mutation {unknown}
 n - 4 potions of curing {unknown}
 o - a potion of paralysis {unknown}
 r - a potion of agility {unknown}
Books
 b - a book of Necromancy

   Spells                             Type                      Level
   *Pain                              Necromancy                   1
   Animate Skeleton                   Necromancy                   1
   Lethal Infusion                    Charms/Necromancy            2
   Vampiric Draining                  Necromancy                   3
   Regeneration                       Charms/Necromancy            3
   Animate Dead                       Necromancy                   4
   Control Undead                     Necromancy                   4


   Skills:
 - Level 1.8(1.5) Dodging
 - Level 1.7(1.4) Stealth
 + Level 2.4(2.0) Spellcasting
 + Level 5.2(4.8) Necromancy


You had 5 spell levels left.
You knew the following spells:

 Your Spells              Type           Power        Failure   Level  Hunger
a - Pain                  Necr           ###.         2%          1    #......


Dungeon Overview and Level Annotations

Branches:
Dungeon (2/27)

Altars:

Annotations:
D:2 Crazy Yiuf


Innate Abilities, Weirdness & Mutations

You have a pair of small horns on your head.
You can steal the life force of nearby defeated enemies.


Message History

Crazy Yiuf is nearby!
You spend a moment contemplating the meaning of life.
Crazy Yiuf is nearby!
Crazy Yiuf shouts!
Casting: Pain
Confirm with . or Enter, or press ? or * to list all spells.
Aiming: Pain
Press: ? - help, Shift-Dir - straight line, f - Crazy Yiuf
Aim: Crazy Yiuf, wielding a quarterstaff of chaos and wearing a cloak Crazy Yiuf convulses in agony!
Crazy Yiuf hits you with a quarterstaff of chaos!
You feel drained.
Casting: Pain
Confirm with . or Enter, or press ? or * to list all spells.
Aiming: Pain
Press: ? - help, Shift-Dir - straight line, f/p - Crazy Yiuf
Aim: Crazy Yiuf, wielding a quarterstaff of chaos and wearing a cloak (moderately wounded) Crazy Yiuf convulses in agony!
Crazy Yiuf hits you with a quarterstaff of chaos!
You die...

....# #.# #.# #.#
###.## #.# #.. .#.
##...## #.# #.. . #
#..#>.###.# ### .
..###.....#
#.....###############
...#.## #...+...#.###
#### )#..##
#.#......#..##...#
.#.##
####.....@g####.....#
.#.# #......+.###
###..)# .#.#
#.....#### #### .#.#
#......# .#.##
#.....##
...<####.....########
..#..............##.#
#...####....###..##.#
...####..%.## #..##.#
.


You could see Crazy Yiuf.

Vanquished Creatures
  Terence (D:2)
  A worm (D:2)
  7 hobgoblins
  3 jackals (D:1)
  2 oozes (D:1)
  2 bats
  7 goblins
  6 kobolds
  6 rats
35 creatures vanquished.

Notes
Turn   | Place    | Note
--------------------------------------------------------------
     0 | D:1      | Kae, the Demonspawn Necromancer, began the quest for the Orb.
     0 | D:1      | Reached XP level 1. HP: 13/13 MP: 3/3
   310 | D:1      | Gained mutation: You can steal the life force of nearby defeated enemies. [demonic ancestry]
   310 | D:1      | Reached XP level 2. HP: 13/19 MP: 1/4
  1144 | D:2      | Gained mutation: You have a pair of small horns on your head. [demonic ancestry]
  1144 | D:2      | Reached XP level 3. HP: 24/24 MP: 3/6
  1351 | D:2      | HP: 1/24 [worm (10)]
  1386 | D:2      | Reached skill level 5 in Necromancy
  1599 | D:2      | Noticed Terence
  1647 | D:2      | Killed Terence
  2075 | D:2      | Noticed Crazy Yiuf
  2087 | D:2      | Slain by Crazy Yiuf

Action                   || total
-------------------------++-------
Melee: Unarmed           ||    13
       Dagger            ||    43
Throw: Dart              ||    11
 Cast: Pain              ||    53
 Stab: Sleeping          ||     2
